 Dungeon Crawl Stone Soup version 0.31-a0-963-ga325b2283a (webtiles) character file.

Game seed: 13790372479975615249

81 Maxmaps the Trooper (level 4, 0/49 HPs)
             Began as an Octopode Shapeshifter on Oct 25, 2023.
             Slain by Ijyb
             ... wielding a +0 dagger of pain
              (2 damage)
             ... on level 3 of the Dungeon.
             The game lasted 00:01:55 (1840 turns).

Maxmaps the Trooper (Octopode Shapeshifter)         Turns: 1840, Time: 00:01:55

Health: 0/49       AC: 22    Str: 13    XL:     4   Next: 40%
Magic:  4/4        EV:  2    Int: 14    God:
Gold:   129        SH:  0    Dex: 11    Spells: 3/3 levels left

rFire   + .          .
                       - Unarmed
rCold   . . .        (no shield)
rNeg    . . .        (helmet currently unavailable)
rPois   +            (no amulet)
rElec   .            k - ring of protection from fire
rCorr   .            (no ring)
SInv    .            (no ring)
Will    .....        (no ring)
Stlth   +            (no ring)
HPRegen 0.28/turn    (no ring)
MPRegen 0.09/turn    (no ring)
                     (no ring)

%: no passive effects
@: lethally poisoned (0 -> -2), tree-form
A: stationary, stasis, torment immunity, boosted hp, almost no armour,
(amphibious), 8 rings, (camouflage 1), (gelatinous body 1), (nimble swimmer 1),
(tentacles)
a: no special abilities


You were on level 3 of the Dungeon.
You were a tree.
You visited 1 branch of the dungeon, and saw 3 of its levels.

You collected 129 gold pieces.

Inventory:

Jewellery
 k - a ring of protection from fire (left branch)
Talismans
 b - a beast talisman
 c - a flux talisman
Scrolls
 d - 3 scrolls of fear
 g - 3 scrolls of fog
 j - a scroll of identify
Potions
 a - a potion of lignification
 e - a potion of curing {unknown}
 f - 2 potions of might
 l - 2 potions of magic {unknown}
 m - a potion of invisibility {unknown}


   Skills:
 - Level 4.0 Fighting
 - Level 2.0 Dodging
 - Level 3.0 Unarmed Combat
 + Level 3.1 Shapeshifting


You had 3 spell levels left.
You didn't know any spells.
Your spell library contained the following spells:

 Spells                   Type           Power      Damage    Failure   Level
 Vhi's Electric Charge    Tloc/Air       0%         N/A       96%         4
 Arcjolt                  Conj/Air       0%         1d10      100%        5
 Plasma Beam              Fire/Air       0%         2x1d10    100%        6


Dungeon Overview and Level Annotations

Branches:
Dungeon (3/15)

Altars:

Annotations:
D:3 Ijyb


Innate Abilities, Weirdness & Mutations

You are a tree.
Your roots penetrate the ground, keeping you stationary.
You cannot be teleported.
You are immune to unholy pain and torment.
Your maximum health is greatly increased.
You cannot wear most types of armour.
((You are amphibious.))
You can wear up to eight rings at the same time.
((Your skin changes colour to match your surroundings (Stealth+).))
((Your rubbery body absorbs attacks. (AC +1, EV +1)))
((You are camouflaged when in or above water. (Stealth+)))
((You have tentacles for arms and can constrict up to eight enemies at once.))


Message History

* * * LOW HITPOINT WARNING * * *
The grasping roots constrict you.
* * * LOW HITPOINT WARNING * * *
The grasping roots release their grip on you.
You hit Ijyb.
Ijyb is moderately wounded.
Ijyb hits you with a +0 dagger of pain.
* * * LOW HITPOINT WARNING * * *
Unknown command.
You hit Ijyb but do no damage.
Ijyb is moderately wounded.
Ijyb zaps a wand.
The roots erupt in riotous growth!
The grasping roots grab you!
Ijyb is unaffected.
The adder is unaffected.
The grasping roots constrict you.
Unknown command.
You barely miss Ijyb.
Ijyb is moderately wounded.
The adder bites you but does no damage. Ijyb hits you but does no damage.
The grasping roots constrict you.
* * * LOW HITPOINT WARNING * * *
The adder bites you but does no damage.
You closely miss Ijyb.
Ijyb is moderately wounded.
The adder bites you but does no damage. Ijyb completely misses you.
The grasping roots constrict you. The adder bites you but does no damage.
You closely miss Ijyb.
Ijyb is moderately wounded.
The adder bites you.
* * * LOW HITPOINT WARNING * * *
You are poisoned.
The adder poisons you! The adder bites you but does no damage.
Ijyb completely misses you. The grasping roots constrict you.
* * * LOW HITPOINT WARNING * * *
The adder bites you but does no damage.
The grasping roots release their grip on you.
You barely miss the adder.
* * * LOW HITPOINT WARNING * * *
You feel sick.
The adder bites you but does no damage. x2
Ijyb hits you but does no damage.
You writhe in agony.
You die...

############ ............
########.... # #.###
####### #. #.# .......
#.#########.# .......
...........#
.......######.....[####..
......rS♣S..'............
.......g#####......####..
........+ #......# .+ .
#.......# #.....S##.#..
........# #####........
........# #........
.##+#+##. #.)...... .
#.....##... # ####### §..


You could see Ijyb, 2 adders and a rat.

Vanquished Creatures
  An adder (D:2)
  A worm (D:2)
  A dart slug (D:1)
  6 ball pythons
  2 bats
  9 endoplasms
  4 giant cockroaches
  6 goblins
  4 hobgoblins
  6 jackals
  5 kobolds
  5 quokkas
  2 frilled lizards (D:1)
  5 rats
57 creatures vanquished.

Notes
Turn   | Place    | Note
-------+----------+-------------------------------------------
     0 | D:1      | Maxmaps the Octopode Shapeshifter began the quest for the
                  | Orb.
     0 | D:1      | Reached XP level 1. HP: 13/13 MP: 1/1
    67 | D:1      | Reached skill level 2 in Fighting
    67 | D:1      | Reached XP level 2. HP: 16/19 MP: 2/2
   128 | D:1      | Found a faded altar of an unknown god.
   658 | D:1      | Reached XP level 3. HP: 25/25 MP: 3/3
   663 | D:1      | Reached skill level 3 in Fighting
  1281 | D:2      | Reached XP level 4. HP: 29/33 MP: 4/4
  1549 | D:2      | Reached skill level 4 in Fighting
  1823 | D:3      | Noticed Ijyb
  1840 | D:3      | HP: 2/49 [poisoned by an adder]
  1840 | D:3      | Slain by Ijyb

Illustrated notes

Levels and vault maps discovered:
D:1:      dpeg_arrival_tiny_j, layout_loops_corners,
          shapermc_ecumenical_altar_totnotflames, nrook_uturn,
          minmay_misc_feat_roman
D:2:      layout_basic
D:3:      layout_basic, beargit_hepliaklqana_dungeon_heroes,
          portal_sewer_entry_b, minmay_misc_feat_cross, uniq_ijyb

Skill      XL: |  1  2  3  4 |
---------------+-------------+-----
Fighting       | 2 3 4 |  4.0
Dodging        | |  2.0
Unarmed Combat | |  3.0
Shapeshifting  | |  3.1

Action                     |  1- 3 |  4- 6 || total
---------------------------+-------+-------++-------
  Melee: Unarmed           |    79 |    39 ||   118
         Constrict         |    29 |     5 ||    34
         Tentacles         |    14 |     5 ||    19
         Punch             |     3 |     2 ||     5
    Use: Scroll            |       |     6 ||     6
         Potion            |       |     1 ||     1
   Stab: Sleeping          |     7 |     5 ||    12
 Armour: Skin              |    34 |    23 ||    57
  Dodge: Dodged            |    54 |     8 ||    62

Table legend: (Time is in decaauts)
 A = Elapsed time spent in this place.
 B = Non-inter-level travel time spent in this place.
 C = Inter-level travel time spent in this place.
 D = Time resting spent in this place.
 E = Time spent auto-exploring this place.
 F = Levels seen in this place.
 G = Mean time per level.
                   A        B        C        D        E       F      G
               +--------+--------+--------+--------+--------+-----+--------+
         Total |   1832 |   1799 |     33 |     91 |   1390 |   3 |  610.7 |
       Dungeon |   1832 |   1799 |     33 |     91 |   1390 |   3 |  610.7 |
               +--------+--------+--------+--------+--------+-----+--------+

Top non-repeatable levels by time:
     D:1: 1146 daAuts
     D:2: 606 daAuts
     D:3: 79 daAuts
